 Dungeon Sprint DCSS version 0.27-a0-1416-g941b2bd30b (webtiles) character file.

Game seed: 8070009793889961493

10700000 tygod the Intangible (level 27, 0/174 HPs)
             Began as a Spriggan Monk on July 2, 2021.
             Was the Champion of Makhleb.
             Killed from afar by an observer (71 damage)
             ... with a fireball
             ... in the Dungeon (Sprint VIII: "Arena of Blood").
             The game lasted 00:07:00 (107 turns).

tygod the Intangible (Spriggan Monk)                 Turns: 107, Time: 00:07:01

Health: 0/174      AC:  4    Str: 16    XL:     27
Magic:  38/55      EV: 45    Int: 11    God:    Makhleb [******]
Gold:   0          SH:  0    Dex: 22    Spells: 80/80 levels left

rFire    . . .     SeeInvis +   i - +∞ Axe of Woe
rCold    . . .     Faith    .   (shield currently unavailable)
rNeg     . . .     Spirit   .   b - +0 robe
rPois    .         Reflect  .   (helmet restricted)
rElec    .         Harm     .   (no cloak)
rCorr    .         Rampage  .   (gloves unavailable)
Will     ++++.     NoTele   +   (boots unavailable)
Stlth    ++++++++++             (no amulet)
HPRegen  0.39/turn              d - +30 ring of slaying
MPRegen  0.34/turn              h - +30 ring of slaying

@: very quick
A: very small, no large weapons, unfitting armour, see invisible, speed 3
a: Renounce Religion, Minor Destruction, Lesser Servant of Makhleb, Major
Destruction, Greater Servant of Makhleb


You were in the Dungeon.
You worshipped Makhleb.
Makhleb was exalted by your worship.
You visited 1 branch

Inventory:

Hand Weapons
 a - a +0 hand axe
 i - the +∞ Axe of Woe (weapon)
   (You found it in the Dungeon)
Armour
 b - a +0 robe (worn)
Jewellery
 d - a +30 ring of slaying (left hand)
 h - a +30 ring of slaying (right hand)
Potions
 c - a potion of curing
 e - a potion of haste
 f - 2 potions of magic
 g - a potion of berserk rage


   Skills:
 O Level 27 Fighting
 O Level 27 Short Blades
 O Level 27 Long Blades
 O Level 27 Axes
 O Level 27 Maces & Flails
 O Level 27 Polearms
 O Level 27 Staves
 O Level 27 Slings
 O Level 27 Bows
 O Level 27 Crossbows
 O Level 27 Throwing
 O Level 27 Armour
 O Level 27 Dodging
 O Level 27 Stealth
 O Level 27 Shields
 O Level 27 Unarmed Combat
 O Level 27 Spellcasting
 O Level 27 Conjurations
 O Level 27 Hexes
 O Level 27 Summonings
 O Level 27 Necromancy
 O Level 27 Translocations
 O Level 27 Transmutations
 O Level 27 Fire Magic
 O Level 27 Ice Magic
 O Level 27 Air Magic
 O Level 27 Earth Magic
 O Level 27 Poison Magic
 O Level 27 Invocations
 O Level 27 Evocations


You had 80 spell levels left.
You didn't know any spells.
Your spell library was empty.

Dungeon Overview and Level Annotations

Branches:
Dungeon (1/1)

Altars:
Makhleb


Innate Abilities, Weirdness & Mutations

You are very small and have problems with some larger weapons.
You are too small for most types of armour.
You have supernaturally acute eyesight. (SInv)
You cover ground extremely quickly. (Speed+++)


Message History

You slash the wretched soul! You chop the wretched soul into pieces.
You destroy the wretched soul!
Makhleb accepts your kill.
You hear a shout! x5
You aren't carrying any scrolls. 2 great orbs of eyes come into view.
The accursed appears out of thin air!
An accursed comes into view.
The accursed appears out of thin air!
An accursed comes into view.
You hear a shout! x10
Items here: )))) ==== ††.
Okay, then.
d - a +30 ring of slaying (left hand)
You hear a shout! x7
h - a +30 ring of slaying (right hand)
The observer turns its gaze towards you.
You hear a shout! x5
Unknown command.
You hear a shout! x6
You are too injured to fight recklessly!
You lop one of the eight-headed meat hydra's heads off!
The seven-headed meat hydra grows two more!
You cut the nine-headed meat hydra into ribbons!!!
You chop the nine-headed meat hydra into pieces.
You blow up the nine-headed meat hydra!
Makhleb accepts your kill.
The dread appears out of thin air!
A dread comes into view.
You hear a shout! x8
Press: ? - help, v - describe, . - travel
Here: an observer (almost dead, fast, slightly transparent)
The floor.
Okay, then.
Okay, then.
A wretched soul comes into view.
You hear a shout!
The observer gazes at you.
The fireball explodes!
The fireball engulfs you!!!
You die...

#################
##M....))=.......##
.........).........
......##.##@#####W
...................
###.....##.##.M....
.....G.............
......).).#.#......
......))).........#
#......)...........
.#...W...).........
.........)........


You could see an accursed, an observer (fast, invisible) and a wretched soul
(wandering, invisible).

Vanquished Creatures
  5 hell beasts (D)
  2 royal mummies (D)
  A wraith (D)
  11 vampire knights (D)
  20 ogres (D)
  6 two-headed ogres (D)
  5 liches (D)
  A hydra (D)
  44 orcs (D)
  4 phantoms (D)
  4 skeletal warriors (D)
103 creatures vanquished.

Vanquished Creatures (others)
  A two-headed ogre (D)
1 creature vanquished.

Grand Total: 104 creatures vanquished

Notes
Turn   | Place    | Note
-------+----------+-------------------------------------------
     0 | D        | Found the +∞ Axe of Woe
     0 | D        | tygod the Spriggan Monk began the quest for the Orb.
     0 | D        | Reached XP level 1. HP: 11/11 MP: 2/2
     2 | D        | Noticed a bag of meat
     3 | D        | Became a worshipper of Makhleb the Destroyer
     3 | D        | Reached * piety under Makhleb
     3 | D        | Reached ** piety under Makhleb
     5 | D        | Noticed a bag of meat
     5 | D        | Noticed a bag of meat
     5 | D        | Noticed a bag of meat
     5 | D        | Noticed a bag of meat
     6 | D        | Noticed a bag of meat
     7 | D        | Killed a bag of meat
     7 | D        | Noticed a meat berserker
     7 | D        | Noticed a meat berserker
     7 | D        | Noticed a bag of meat
     7 | D        | Noticed a bag of meat
     7 | D        | Noticed a bag of meat
     8 | D        | Reached skill level 10 in Stealth
     8 | D        | Reached XP level 2. HP: 29/29 MP: 3/3
     8 | D        | Reached XP level 3. HP: 33/33 MP: 4/4
     8 | D        | Reached XP level 4. HP: 38/38 MP: 5/5
     8 | D        | Reached XP level 5. HP: 42/42 MP: 6/6
     8 | D        | Reached XP level 6. HP: 47/47 MP: 7/7
     8 | D        | Reached XP level 7. HP: 51/51 MP: 8/8
     8 | D        | Reached XP level 8. HP: 56/56 MP: 9/9
     8 | D        | Reached XP level 9. HP: 60/60 MP: 10/10
     8 | D        | Reached XP level 10. HP: 65/65 MP: 11/11
     8 | D        | Reached XP level 11. HP: 70/70 MP: 12/12
     8 | D        | Killed a bag of meat
     8 | D        | Noticed a bag of meat
     8 | D        | Noticed a bag of meat
     8 | D        | Noticed a bag of meat
     9 | D        | Reached XP level 12. HP: 77/77 MP: 13/13
     9 | D        | Killed a meat berserker
    10 | D        | Reached XP level 13. HP: 86/86 MP: 14/14
    10 | D        | Reached XP level 14. HP: 91/91 MP: 15/15
    10 | D        | Killed a bag of meat
    10 | D        | Reached *** piety under Makhleb
    10 | D        | Killed a meat berserker
    10 | D        | Killed a bag of meat
    10 | D        | Killed a bag of meat
    10 | D        | Reached **** piety under Makhleb
    10 | D        | Noticed a meat berserker
    11 | D        | Reached skill level 27 in Dodging
    11 | D        | Reached XP level 15. HP: 105/105 MP: 16/16
    11 | D        | Reached XP level 16. HP: 111/111 MP: 17/17
    11 | D        | Noticed a meat berserker
    11 | D        | Noticed a meat berserker
    13 | D        | Reached XP level 17. HP: 120/120 MP: 18/18
    14 | D        | Reached ***** piety under Makhleb
    15 | D        | Reached skill level 27 in Fighting
    15 | D        | Reached skill level 27 in Axes
    16 | D        | Killed a meat berserker
    16 | D        | Noticed a meat berserker
    17 | D        | Reached skill level 27 in Stealth
    17 | D        | Reached XP level 18. HP: 13/127 MP: 19/19
    17 | D        | Killed a meat berserker
    18 | D        | Reached skill level 5 in Long Blades
    18 | D        | Reached skill level 5 in Armour
    18 | D        | Reached skill level 5 in Shields
    18 | D        | Reached skill level 5 in Conjurations
    18 | D        | Reached skill level 10 in Translocations
    18 | D        | Reached XP level 19. HP: 78/132 MP: 19/33
    18 | D        | Killed a meat berserker
    19 | D        | Reached skill level 5 in Maces & Flails
    19 | D        | Reached skill level 5 in Polearms
    19 | D        | Reached skill level 5 in Staves
    19 | D        | Reached skill level 10 in Transmutations
    19 | D        | Reached skill level 10 in Evocations
    21 | D        | Killed a meat berserker
    22 | D        | Reached skill level 15 in Armour
    23 | D        | Noticed a meat berserker
    24 | D        | Reached XP level 20. HP: 137/137 MP: 20/36
    24 | D        | Noticed a large bag of meat
    26 | D        | Noticed a large bag of meat
    26 | D        | Killed a large bag of meat
    27 | D        | Noticed a large bag of meat
    28 | D        | Reached skill level 27 in Invocations
    28 | D        | Noticed a large bag of meat
    30 | D        | Reached skill level 10 in Slings
    30 | D        | Reached skill level 10 in Bows
    30 | D        | Reached skill level 10 in Spellcasting
    30 | D        | Reached skill level 10 in Hexes
    30 | D        | Killed a meat berserker
    30 | D        | Killed a large bag of meat
    30 | D        | Noticed a destroyer
    31 | D        | Reached skill level 10 in Short Blades
    31 | D        | Reached XP level 21. HP: 74/142 MP: 21/39
    31 | D        | Reached ****** piety under Makhleb
    34 | D        | Killed a large bag of meat
    34 | D        | Killed a large bag of meat
    34 | D        | Noticed a destroyer
    34 | D        | Noticed a destroyer
    35 | D        | Reached skill level 27 in Armour
    35 | D        | Reached skill level 10 in Necromancy
    35 | D        | Reached skill level 15 in Translocations
    35 | D        | Reached skill level 10 in Fire Magic
    35 | D        | Reached skill level 10 in Ice Magic
    35 | D        | Reached skill level 10 in Air Magic
    35 | D        | Reached skill level 10 in Earth Magic
    35 | D        | Reached XP level 22. HP: 54/148 MP: 22/40
    36 | D        | Noticed a large bag of meat
    38 | D        | Reached skill level 10 in Unarmed Combat
    38 | D        | Reached skill level 10 in Summonings
    38 | D        | Reached skill level 15 in Transmutations
    38 | D        | Reached skill level 15 in Evocations
    38 | D        | Killed a destroyer
    39 | D        | Reached skill level 10 in Long Blades
    39 | D        | Reached skill level 10 in Maces & Flails
    39 | D        | Reached skill level 10 in Polearms
    39 | D        | Reached skill level 10 in Staves
    39 | D        | Reached skill level 15 in Slings
    39 | D        | Reached skill level 15 in Bows
    39 | D        | Reached skill level 10 in Shields
    39 | D        | Reached skill level 15 in Spellcasting
    39 | D        | Reached skill level 15 in Hexes
    39 | D        | Reached XP level 23. HP: 77/153 MP: 23/43
    40 | D        | Killed a large bag of meat
    40 | D        | Noticed a destroyer
    41 | D        | Reached skill level 15 in Short Blades
    41 | D        | Killed a destroyer
    42 | D        | Reached skill level 15 in Crossbows
    42 | D        | Reached skill level 15 in Throwing
    42 | D        | Reached skill level 15 in Earth Magic
    42 | D        | Reached XP level 24. HP: 128/158 MP: 23/45
    42 | D        | Killed a destroyer
    43 | D        | Reached skill level 15 in Air Magic
    43 | D        | Noticed a destroyer
    43 | D        | Noticed a tyrant
    44 | D        | Reached skill level 15 in Necromancy
    44 | D        | Killed a tyrant
    44 | D        | Killed a destroyer
    44 | D        | Noticed a destroyer
    44 | D        | Noticed a large bag of meat
    45 | D        | Reached skill level 15 in Unarmed Combat
    45 | D        | Reached skill level 15 in Summonings
    45 | D        | Reached skill level 15 in Fire Magic
    45 | D        | Reached skill level 15 in Ice Magic
    45 | D        | Reached XP level 25. HP: 151/163 MP: 24/48
    46 | D        | Reached skill level 15 in Conjurations
    46 | D        | Killed a destroyer
    47 | D        | Reached skill level 15 in Long Blades
    47 | D        | Reached skill level 15 in Shields
    47 | D        | Reached XP level 26. HP: 158/169 MP: 24/49
    48 | D        | Reached skill level 15 in Maces & Flails
    48 | D        | Reached skill level 15 in Polearms
    48 | D        | Reached skill level 15 in Staves
    49 | D        | Noticed an accursed
    49 | D        | Killed a large bag of meat
    50 | D        | Reached XP level 27. HP: 132/174 MP: 25/50
    50 | D        | Killed a destroyer
    50 | D        | Noticed a destroyer
    51 | D        | Reached skill level 27 in Translocations
    51 | D        | Reached skill level 27 in Evocations
    51 | D        | Noticed a tyrant
    53 | D        | Noticed an accursed
    57 | D        | Killed a destroyer
    57 | D        | Killed a tyrant
    58 | D        | Reached skill level 27 in Transmutations
    59 | D        | Noticed a tyrant
    64 | D        | Noticed a tyrant
    65 | D        | Killed an accursed
    65 | D        | Noticed a destroyer
    66 | D        | Reached skill level 27 in Slings
    66 | D        | Reached skill level 27 in Bows
    66 | D        | Reached skill level 27 in Spellcasting
    66 | D        | Reached skill level 27 in Hexes
    66 | D        | Noticed a destroyer
    66 | D        | Noticed a destroyer
    66 | D        | Noticed a meat beast
    68 | D        | Killed a destroyer
    68 | D        | Noticed a tyrant
    69 | D        | Noticed a dread
    69 | D        | Noticed a meat beast
    69 | D        | Killed a destroyer
    70 | D        | Reached skill level 27 in Short Blades
    70 | D        | Reached skill level 27 in Poison Magic
    70 | D        | Killed a tyrant
    71 | D        | Killed a meat beast
    72 | D        | Reached skill level 27 in Crossbows
    72 | D        | Reached skill level 27 in Throwing
    73 | D        | Killed a destroyer
    73 | D        | Killed a meat beast
    74 | D        | Reached skill level 27 in Necromancy
    74 | D        | Reached skill level 27 in Air Magic
    74 | D        | Reached skill level 27 in Earth Magic
    75 | D        | Noticed a destroyer
    77 | D        | Noticed a meat beast
    83 | D        | Killed a meat beast
    84 | D        | Reached skill level 27 in Long Blades
    84 | D        | Reached skill level 27 in Unarmed Combat
    84 | D        | Reached skill level 27 in Conjurations
    84 | D        | Reached skill level 27 in Summonings
    84 | D        | Reached skill level 27 in Fire Magic
    84 | D        | Reached skill level 27 in Ice Magic
    87 | D        | Noticed a meat beast
    87 | D        | Killed a destroyer
    88 | D        | Reached skill level 27 in Maces & Flails
    88 | D        | Reached skill level 27 in Polearms
    88 | D        | Reached skill level 27 in Staves
    88 | D        | Reached skill level 27 in Shields
    89 | D        | Killed a tyrant
    91 | D        | Killed a meat beast
    91 | D        | Noticed a meat beast
    92 | D        | Killed a tyrant
    94 | D        | Killed an accursed
    96 | D        | Killed a dread
    96 | D        | HP: 8/174 [meat beast (16)]
    97 | D        | Killed a meat beast
    97 | D        | Killed a large bag of meat
   103 | D        | Noticed an accursed
   103 | D        | Noticed an accursed
   107 | D        | Noticed a dread
   107 | D        | Killed from afar by an observer

Illustrated notes

Levels and vault maps discovered:
D:        meatsprint

Skill      XL: |  1  2  3  4  5  6  7  8  9 10 11 12 13 14 15 16 17 18 19 20 21 22 23 24 25 26 27 |
---------------+----------------------------------------------------------------------------------+-----
Fighting       | 14 16 18 23 26 27 | 27.0
Axes           | 14 16 18 24 26 27 | 27.0
Dodging        | 20 22 26 27 | 27.0
Stealth        | 10 12 14 17 19 27 | 27.0
Short Blades   | 8 10 12 14 16 18 20 21 27 | 27.0
Long Blades    | 5 6 7 10 12 14 15 16 27 | 27.0
Maces & Flails | 4 5 6 8 10 12 13 14 15 27 | 27.0
Polearms       | 4 5 6 8 10 11 13 14 15 27 | 27.0
Staves         | 4 5 6 8 10 11 13 14 15 27 | 27.0
Slings         | 9 11 13 15 17 20 21 22 27 | 27.0
Bows           | 9 11 13 15 17 20 21 22 27 | 27.0
Crossbows      | 7 9 11 13 15 17 18 19 27 | 27.0
Throwing       | 7 9 11 13 15 17 18 19 27 | 27.0
Armour         | 5 18 26 27 | 27.0
Shields        | 5 7 9 10 12 14 15 16 27 | 27.0
Unarmed Combat | 6 7 9 11 13 15 16 17 27 | 27.0
Spellcasting   | 9 11 13 15 17 20 21 22 27 | 27.0
Conjurations   | 5 6 7 9 11 13 14 16 17 27 | 27.0
Hexes          | 9 11 13 15 17 20 21 22 27 | 27.0
Summonings     | 6 7 9 11 13 15 16 17 27 | 27.0
Necromancy     | 6 7 8 10 12 14 16 17 18 27 | 27.0
Translocations | 10 11 12 15 18 20 23 24 26 27 | 27.0
Transmutations | 9 10 12 14 17 19 21 23 24 27 | 27.0
Fire Magic     | 6 8 10 11 13 15 16 17 27 | 27.0
Ice Magic      | 6 8 10 11 13 15 16 17 27 | 27.0
Air Magic      | 6 7 8 10 12 14 16 17 18 27 | 27.0
Earth Magic    | 6 7 8 10 13 15 17 18 19 27 | 27.0
Poison Magic   | 7 8 9 11 14 16 18 20 21 27 | 27.0
Invocations    | 7 22 27 | 27.0
Evocations     | 9 10 12 14 17 20 22 24 26 27 | 27.0

Action                   |  1- 3 |  4- 6 |  7- 9 | 10-12 | 13-15 | 16-18 | 19-21 | 22-24 | 25-27 || total
-------------------------+-------+-------+-------+-------+-------+-------+-------+-------+-------++-------
Melee: Broad axe         |     1 |       |       |     2 |     1 |     4 |    10 |     8 |    39 ||    65
Invok: Lesser Servant of |       |       |       |       |       |       |     1 |       |       ||     1
       Greater Servant o |       |       |       |       |       |       |     4 |       |     1 ||     5
       Major Destruction |       |       |       |       |       |       |       |       |     1 ||     1
  Use: Scroll            |       |       |       |       |       |       |       |     1 |       ||     1
       Potion            |       |       |       |       |       |       |       |     1 |       ||     1
Dodge: Dodged            |       |       |       |       |       |       |     1 |       |     8 ||     9

Table legend: (Time is in decaauts)
 A = Elapsed time spent in this place.
 B = Non-inter-level travel time spent in this place.
 C = Inter-level travel time spent in this place.
 D = Time resting spent in this place.
 E = Time spent auto-exploring this place.
 F = Levels seen in this place.
 G = Mean time per level.
                   A        B        C        D        E       F      G
               +--------+--------+--------+--------+--------+-----+--------+
         Total |     77 |     77 |      0 |      0 |      0 |   1 |   77.0 |
       Dungeon |     77 |     77 |      0 |      0 |      0 |   1 |   77.0 |
               +--------+--------+--------+--------+--------+-----+--------+

Top non-repeatable levels by time:
       D: 77 daAuts
